 Dungeon Crawl Stone Soup version 0.21.1-1-g345015f (webtiles) character file.

2307 inc the Covert (level 9, -15/40 HPs)
             Began as a Felid Chaos Knight on Feb 23, 2018.
             Demolished by a two-headed ogre
             ... wielding a cursed +0 giant club
              (24 damage)
             ... on level 11 of the Dungeon.
             The game lasted 00:31:28 (10062 turns).

inc the Covert (Felid Chaos Knight)                Turns: 10062, Time: 00:31:29

Health: -15/40     AC:  6    Str:  6    XL:     9   Next: 18%
Magic:  0/15       EV: 23    Int: 23    God:    Xom [..*...]
Gold:   461        SH:  0    Dex: 18    Spells: 8/15 levels left
                                        Lives:  0   Deaths: 2

rFire    . . .     SeeInvis +     - Unarmed
rCold    . . .     Gourm    .   (shield unavailable)
rNeg     . . .     Faith    .   (armour unavailable)
rPois    +         Spirit   +   (helmet unavailable)
rElec    .         Reflect  .   (cloak unavailable)
rCorr    .         Harm     .   (gloves unavailable)
MR       +....                  (boots unavailable)
Stlth    ++++++....             e - amulet of guardian spirit
HPRegen  0.13/turn              m - +6 ring of intelligence
MPRegen  0.14/turn              p - +2 ring of protection

@: quick
A: very small, no armour, no weapons or thrown items, stealth, claws 1, fangs 3,
horns 1, iridescent scales 1, thin skeletal structure 1, see invisible,
carnivore, speed 1, poison resistance, shaggy fur 2, slow metabolism 1, weak 1,
sharp paws
a: Renounce Religion


You were on level 11 of the Dungeon.
You worshipped Xom.
You were a toy of Xom.
You were not hungry.

You visited 1 branch of the dungeon, and saw 12 of its levels.

You collected 591 gold pieces.
You spent 130 gold pieces at shops.

Inventory:

Jewellery
 e - an amulet of guardian spirit (around neck)
 j - an uncursed amulet of the gourmand
 m - a +6 ring of intelligence (left paw)
 p - a +2 ring of protection (right paw)
 H - an uncursed ring of poison resistance
 J - an uncursed ring of magical power
Wands
 f - a wand of random effects (33)
 r - a wand of digging (7)
 C - a wand of flame (31)
 G - a wand of clouds (3)
Scrolls
 b - 6 scrolls of identify
 c - 2 scrolls of immolation {unknown}
 d - 8 scrolls of remove curse {unknown}
 g - 5 scrolls of teleportation {unknown}
 o - 2 scrolls of magic mapping {unknown}
 v - a scroll of fear {unknown}
 w - a scroll of amnesia {unknown}
 x - 2 scrolls of enchant armour {unknown}
 y - a scroll of fog {unknown}
 z - a scroll of random uselessness {unknown}
 B - 2 scrolls of noise {unknown}
 K - a scroll of enchant weapon {unknown}
 L - a scroll of blinking {unknown}
Potions
 h - a potion of berserk rage {unknown}
 i - 2 potions of invisibility
 k - 5 potions of curing
 l - a potion of flight
 q - a potion of magic
 t - a potion of cancellation
 u - 3 potions of haste
 A - 2 potions of brilliance
 D - 5 potions of degeneration
 E - a potion of ambrosia
 F - a potion of resistance
Books
 n - a book of Callings

   Spells                             Type                      Level
   a - Summon Small Mammal            Summoning                    1
   b - Call Imp                       Summoning                    2
   c - Call Canine Familiar           Summoning                    3
   d - Summon Guardian Golem          Hexes/Summoning              3
   e - Summon Lightning Spire         Summoning/Air                4
   f - Summon Ice Beast               Ice/Summoning                4
 s - a book of Flames

   Spells                             Type                      Level
   a - Flame Tongue                   Conjuration/Fire             1
   b - Throw Flame                    Conjuration/Fire             2
   c - Conjure Flame                  Conjuration/Fire             3
   d - Inner Flame                    Hexes/Fire                   3
   e - Sticky Flame                   Conjuration/Fire             4
   f - Fireball                       Conjuration/Fire             5
 I - a book of Conjurations

   Spells                             Type                      Level
   a - Magic Dart                     Conjuration                  1
   b - Searing Ray                    Conjuration                  2
   c - Dazzling Spray                 Conjuration/Hexes            3
   d - Fulminant Prism                Conjuration/Hexes            4
   e - Force Lance                    Conjuration/Translocation    4
   f - Iskenderun's Mystic Blast      Conjuration                  4
Comestibles
 a - 19 rations


   Skills:
 - Level 5.3 Fighting
 - Level 7.4 Dodging
 - Level 10.8 Stealth
 - Level 6.3 Unarmed Combat
 + Level 3.6 Spellcasting
 - Level 8.5 Summonings
 - Level 5.0 Air Magic


You had 8 spell levels left.
You knew the following spells:

 Your Spells              Type           Power        Failure   Level  Hunger
a - Call Canine Familiar  Summ           #####...     1%          3    ###....
b - Summon Lightning Spi  Summ/Air       #####...     7%          4    ####...


Dungeon Overview and Level Annotations

Branches:
Dungeon (12/15)            Temple (0/1) D:4            Lair (0/6) D:9
    Orc (0/2) D:9

Altars:
Elyvilon
Xom
Yredelemnul

Shops:
D:9 *

Annotations:
D:4 Natasha
D:7 Dowan; Duvessa; EvilAshe's ghost, novice DsTm
D:9 Autsider's ghost, novice CeHu
D:11 Erica


Innate Abilities, Weirdness & Mutations

You cannot wear armour.
You are incapable of wielding weapons or throwing items.
Your paws allow you to move quietly. (Stealth)
You have sharp claws.
You have razor-sharp teeth.
You have supernaturally acute eyesight. (SInv)
You are carnivorous and can eat meat at any time.
You cover ground quickly.
You are covered in thick fur. (AC +2)
You have a slow metabolism.
Your sharp claws are effective at attacking unaware monsters.
You have a pair of small horns on your head.
You are partially covered in iridescent scales. (AC +2)
You have a somewhat thin skeletal structure. (Dex +2, Stealth)
Your system is resistant to poisons. (rPois)
You are weak. (Str -2)


Message History

You claw the orc!
You kill the orc!
You scratch the orc. You bite the orc.
The orc is heavily wounded.
The orc completely misses you.
You scratch the orc. Your headbutt misses the orc.
The orc is severely wounded.
The orc barely misses you.
You closely miss the orc.
The orc shouts!
You headbutt the orc, but do no damage.
You kill the orc!
You scratch the two-headed ogre but do no damage.
The two-headed ogre is almost dead.
The two-headed ogre hits you with a giant club!!
* * * LOW HITPOINT WARNING * * *
The two-headed ogre hits you with a giant club!!
Ouch! That really hurt!
You die...
Xom is highly amused!

#..............÷)..............
#...........#####...........###
#...........# #...........#
###########.# #..∩........# #.#
#...........# #.# #...........#
#.# #...........#
#.#####...........#
###########....@O(..)...§...####
#...........#####(..)...........
###########.# #...)...)...####
#.# #...o.K.)...# #.#
#...)K......# #.# #...........#
###########.# #.#########.#
#...........#####.# #...
#.................# #.###


You could see a two-headed ogre, an orc and 2 kobolds.

Vanquished Creatures
  Erolcha (D:9)
  2 hippogriffs
  A wyvern (D:9)
  A water moccasin (D:6)
  An orc warrior (D:9)
  A phantom (D:5)
  2 necrophages
  5 ogres
  5 centaurs
  A big kobold (D:8)
  3 bullfrogs
  A wyvern zombie (D:10)
  A wyvern skeleton (D:6)
  3 scorpions
  15 killer bees
  2 howler monkeys (D:10)
  6 crimson imps
  2 centaur zombies (D:5)
  3 bullfrog zombies
  2 jellies
  2 orc priests (D:8)
  2 centaur skeletons
  6 hounds
  A bullfrog skeleton (D:6)
  3 iguanas
  5 orc wizards
  Natasha (D:4)
  5 worker ants
  2 hound zombies (D:5)
  2 hound skeletons
  A howler monkey zombie (D:5)
  A worker ant zombie (D:8)
  2 adders
  A shadow imp (D:5)
  5 oozes
  An adder zombie (D:6)
  A worm (D:2)
  2 dart slugs
  4 leopard geckos
  24 orcs
  A ball python (D:2)
  8 giant cockroaches
  4 goblins
  9 hobgoblins
  10 jackals
  6 quokkas
  A ball python skeleton (D:4)
  A bat (D:2)
  6 frilled lizards
  A jackal skeleton (D:5)
  6 kobolds
  A quokka zombie (D:5)
  3 rats
186 creatures vanquished.

Vanquished Creatures (collateral kills)
  A two-headed ogre (D:11)
  A centaur skeleton (D:10)
  A troll (D:10)
  An orc warrior (D:11)
  A necrophage (D:9)
  An ice beast (D:9)
  A centaur (D:10)
  A big kobold (D:11)
  A bullfrog (D:11)
  2 killer bees (D:10)
  2 scorpions (D:10)
  6 worker ants (D:11)
  An adder skeleton (D:10)
  6 orcs
  A kobold (D:11)
27 creatures vanquished.

Vanquished Creatures (others)
  A hound (D:8)
  An orc (D:6)
  A giant cockroach (D:4)
3 creatures vanquished.

Grand Total: 216 creatures vanquished

Notes
Turn   | Place    | Note
-------+----------+-------------------------------------------
     0 | D:1      | inc the Felid Chaos Knight began the quest for the Orb.
     0 | D:1      | Reached XP level 1. HP: 10/10 MP: 2/2
   255 | D:1      | Reached XP level 2. HP: 14/14 MP: 3/3
   936 | D:2      | Found a basalt altar of Yredelemnul.
   984 | D:2      | Reached XP level 3. HP: 13/17 MP: 4/4
  1049 | D:2      | Gained mutation: Your mind is acute. (Int +2) [potion of mutation]
  1049 | D:2      | Gained mutation: Your muscles are strong. (Str +2) [potion of mutation]
  1049 | D:2      | Lost mutation: Your mind is acute. (Int +2) [potion of mutation]
  1049 | D:2      | Gained mutation: You have a pair of small horns on your head. [potion of mutation]
  1223 | D:2      | Found a faded altar of an unknown god.
  1239 | D:2      | XOM: noise
  1286 | D:2      | XOM: silly message
  1497 | D:2      | XOM: harmless Chrm miscast
  1655 | D:3      | XOM: mild Ice miscast
  1868 | D:3      | XOM: harmless Hex miscast
  1916 | D:3      | Reached XP level 4. HP: 21/21 MP: 5/5
  2391 | D:4      | Noticed an ogre
  2397 | D:4      | Killed an ogre
  2397 | D:4      | Reached skill level 5 in Unarmed Combat
  2397 | D:4      | Reached XP level 5. HP: 3/24 MP: 1/6
  2699 | D:4      | XOM is BORED!
  2699 | D:4      | Found a white marble altar of Elyvilon.
  2699 | D:4      | XOM: 1-stop teleportation journey
  2800 | D:4      | Found a staircase to the Ecumenical Temple.
  2829 | D:4      | XOM: mild Necr miscast
  2838 | D:4      | Noticed Natasha
  2844 | D:4      | Killed Natasha
  2844 | D:4      | Reached skill level 5 in Dodging
  2897 | D:4      | Noticed Natasha
  2898 | D:4      | XOM: fog
  2900 | D:4      | XOM: noise
  2911 | D:4      | XOM: mild Hex miscast
  2994 | D:3      | XOM: noise
  3045 | D:3      | XOM: give mutations
  3045 | D:3      | Gained mutation: Your magical capacity is low. (-10% MP) [Xom's mischief]
  3045 | D:3      | Gained mutation: You are dopey. (Int -2) [Xom's mischief]
  3045 | D:3      | Gained mutation: You are agile. (Dex +2) [Xom's mischief]
  3355 | D:4      | Gained mutation: You are covered in thick fur. (AC +2) [Felid growth]
  3355 | D:4      | Reached XP level 6. HP: 27/27 MP: 6/6
  3356 | D:4      | Lost mutation: Your magical capacity is low. (-10% MP) [potion of mutation]
  3356 | D:4      | Lost mutation: Your muscles are strong. (Str +2) [potion of mutation]
  3356 | D:4      | Lost mutation: You are dopey. (Int -2) [potion of mutation]
  3356 | D:4      | Gained mutation: You have a somewhat thin skeletal structure. (Dex +2, Stealth) [potion of mutation]
  3356 | D:4      | Gained mutation: You are partially covered in iridescent scales. (AC +2) [potion of mutation]
  3356 | D:4      | XOM: scenery: create altars
  3411 | D:4      | XOM: give mutation
  3411 | D:4      | Gained mutation: Your system is resistant to poisons. (rPois) [Xom's grace]
  3574 | D:4      | XOM: divination: detect creatures
  3576 | D:5      | Entered Level 5 of the Dungeon
  3599 | D:5      | XOM: potion effect (might)
  3610 | D:5      | XOM: harmless Fire miscast
  3804 | D:5      | XOM: cast spell 'Olgreb's Toxic Radiance'
  3808 | D:5      | XOM: divination: detect items
  3811 | D:5      | XOM: harmless Hex miscast
  3931 | D:5      | Reached skill level 5 in Fighting
  3931 | D:5      | Reached XP level 7. HP: 32/32 MP: 8/8
  4040 | D:5      | XOM: potion effect (brilliance)
  4208 | D:5      | XOM: silly message
  4246 | D:5      | XOM: harmless Fire miscast
  4439 | D:5      | XOM: noise
  4501 | D:5      | XOM: fog
  4504 | D:5      | XOM: summons friendly white imp
  4544 | D:5      | Learned a level 3 spell: Call Canine Familiar
  4583 | D:5      | XOM: harmless Pois miscast
  4605 | D:5      | Reached skill level 1 in Summonings
  4691 | D:6      | Reached XP level 8. HP: 28/36 MP: 9/9
  4815 | D:6      | XOM: potion effect (might)
  4870 | D:6      | XOM: divination: magic mapping
  4929 | D:6      | XOM: smoke on damage
  5029 | D:7      | Noticed Duvessa
  5032 | D:7      | Noticed Dowan
  5041 | D:7      | XOM: summons 3 friendly demons
  5079 | D:6      | XOM: butterfly on damage
  5081 | D:6      | XOM: blink monster(s)
  5087 | D:6      | XOM: mild Air miscast
  5089 | D:6      | Reached skill level 5 in Summonings
  5205 | D:6      | XOM: divination: detect items
  5316 | D:6      | Reached skill level 1 in Stealth
  5373 | D:6      | Reached skill level 3 in Stealth
  5385 | D:6      | Reached skill level 4 in Stealth
  5490 | D:7      | Reached skill level 5 in Stealth
  5502 | D:7      | XOM: potion effect (invisibility)
  5578 | D:8      | Noticed a hippogriff
  5589 | D:8      | Killed a hippogriff
  5589 | D:8      | Reached skill level 7 in Stealth
  5611 | D:8      | XOM: destruction
  5623 | D:8      | XOM: summons friendly crimson imp
  5636 | D:8      | Reached XP level 9. HP: 26/40 MP: 5/10
  5758 | D:8      | Reached skill level 8 in Stealth
  5821 | D:8      | Reached skill level 9 in Stealth
  5884 | D:8      | Reached skill level 10 in Stealth
  5892 | D:8      | XOM: polymorph worker ant -> killer bee
  5900 | D:8      | XOM: god gift: dire flail {god gift}
  5909 | D:8      | XOM: fog
  5922 | D:7      | XOM: confuse monster(s)
  5923 | D:7      | Noticed EvilAshe's ghost (novice DsTm)
  6644 | D:9      | XOM: stealth player
  6688 | D:9      | Found Egych's Assorted Antiques.
  6691 | D:9      | XOM: fog
  6702 | D:9      | XOM: scenery: create altars
  6734 | D:9      | Noticed Autsider's ghost (novice CeHu)
  7205 | D:9      | Bought a golden ring for 130 gold pieces
  7660 | D:9      | Noticed Erolcha
  7670 | D:9      | Killed Erolcha
  7670 | D:9      | Reached XP level 10. HP: 44/44 MP: 11/11
  7676 | D:9      | Learned a level 4 spell: Summon Lightning Spire
  7728 | D:9      | XOM: enchant monster (bad)
  7739 | D:9      | XOM: butterfly on damage
  7740 | D:9      | Slain by Autsider's ghost
  7741 | D:9      | Reached XP level 9. HP: -2/40 MP: 0/10
  7747 | D:9      | XOM: god gift: book of Conjurations
  7794 | D:9      | Noticed a two-headed ogre
  7795 | D:9      | XOM: divination: detect creatures
  7908 | D:9      | Reached skill level 1 in Air Magic
  8206 | D:9      | XOM: enchant monster (bad)
  8207 | D:9      | XOM: noise
  8218 | D:9      | Found a staircase to the Orcish Mines.
  8227 | D:10     | Entered Level 10 of the Dungeon
  8243 | D:10     | Noticed a troll
  8257 | D:10     | Killed a troll
  8421 | D:10     | XOM: mild Hex miscast
  8508 | D:10     | XOM: chaos cloud
  8534 | D:10     | XOM: confuse monster(s)
  8535 | D:10     | Xom revived you
  8562 | D:9      | Found a staircase to the Lair.
  8758 | D:10     | XOM: cloud trail
  8922 | D:10     | XOM: mild Necr miscast
  9329 | D:11     | Noticed Erica
  9329 | D:11     | Noticed a cyclops
  9335 | D:11     | XOM: fake destruction
  9345 | D:11     | XOM: cast spell 'Summon Hydra'
  9372 | D:11     | Reached skill level 5 in Air Magic
  9375 | D:11     | XOM: smoke on damage
  9381 | D:11     | Noticed Erica
  9381 | D:11     | Erica changed into Erica the salamander
  9381 | D:11     | XOM: polymorph Erica -> Erica the salamander
  9449 | D:12     | XOM: 3-stop teleportation journey
  9450 | D:12     | Noticed a skeletal warrior
  9450 | D:12     | Noticed a skeletal warrior
  9450 | D:12     | Noticed a skeletal warrior
  9476 | D:11     | XOM: summons 2 friendly demons
  9521 | D:11     | Noticed a two-headed ogre
  9522 | D:11     | Found a labyrinth entrance.
  9523 | D:11     | Noticed a two-headed ogre
  9526 | D:11     | XOM: blink monster(s)
  9533 | D:11     | Killed a two-headed ogre
  9537 | D:11     | HP: 2/40 [two-headed ogre/giant spiked club (34)]
  9537 | D:11     | Mangled by a two-headed ogre
  9538 | D:11     | Reached XP level 8. HP: -12/37 MP: 0/12
  9558 | D:11     | XOM: butterfly on damage
  9575 | D:11     | Reached XP level 9. HP: 21/40 MP: 2/13
  9631 | D:11     | XOM: enchant monster (good)
  9634 | D:11     | XOM: summons friendly ufetubus
  9832 | D:10     | XOM: give mutations
  9832 | D:10     | Lost mutation: You are agile. (Dex +2) [Xom's mischief]
  9832 | D:10     | Gained mutation: You are weak. (Str -2) [Xom's mischief]
  9909 | D:11     | XOM: cloud trail
  9999 | D:11     | XOM: summons friendly shadow imp
 10004 | D:11     | XOM: cast spell 'Metabolic Englaciation'
 10025 | D:11     | Noticed a two-headed ogre
 10040 | D:11     | XOM: noise
 10062 | D:11     | Demolished by a two-headed ogre

Skill      XL: |  1  2  3  4  5  6  7  8  9 |
---------------+----------------------------+-----
Unarmed Combat | 4 5 6 |  6.3
Dodging        | 5 7 |  7.4
Fighting       | 5 |  5.3
Summonings     | 2 5 8 |  8.5
Stealth        | 7 10 | 10.8
Air Magic      | 5 |  5.0
Spellcasting   | 3 |  3.6

Action                   |  1- 3 |  4- 6 |  7- 9 | 10-12 || total
-------------------------+-------+-------+-------+-------++-------
Melee: Unarmed           |   148 |   114 |   494 |     5 ||   761
       Bite              |     6 |    16 |    55 |     2 ||    79
       Punch             |     4 |     3 |    12 |       ||    19
       Headbutt          |    12 |    21 |    84 |       ||   117
 Cast: Call Canine Famil |       |       |    26 |     3 ||    29
       Summon Lightning  |       |       |     8 |       ||     8
  Use: Potion            |     1 |     2 |     3 |       ||     6
       Scroll            |       |       |     9 |       ||     9
 Stab: Sleeping          |     3 |     4 |    32 |       ||    39
       Invisible         |       |       |     2 |       ||     2
       Distracted        |       |       |     1 |       ||     1
  Eat: Chunk             |       |     4 |    14 |       ||    18
       Ration            |       |     1 |     1 |       ||     2
Armor: Skin              |     3 |    18 |    40 |     2 ||    63
Dodge: Dodged            |   106 |    97 |   483 |     1 ||   687
